 Dungeon Crawl Stone Soup version 0.22-a0-358-g7563fe7 (webtiles) character file.

1354 Serpenta the Skirmisher (level 8, -2/67 HPs)
             Began as a Mummy Chaos Knight on Apr 18, 2018.
             Slain by a fire vortex (28 damage)
             ... summoned by the capriciousness of Xom
             ... on level 6 of the Dungeon.
             The game lasted 00:10:09 (6216 turns).

Serpenta the Skirmisher (Mummy Chaos Knight)        Turns: 6216, Time: 00:10:10

Health: -2/67      AC:  9    Str: 18    XL:     8   Next: 37%
Magic:  8/8        EV:  4    Int: 11    God:    Xom [..*...]
Gold:   336        SH: 19    Dex: 11    Spells: 7/7 levels left

rFire    x . .     SeeInvis .   a - +0 hand axe (chaos)
rCold    + + .     Gourm    .   m - +8 large shield of Xunielle {god gift, +Inv}
rNeg     + + +     Faith    .   k - +1 scale mail {rC+}
rPois    ∞         Spirit   .   (no helmet)
rElec    .         Reflect  .   o - +0 cloak
rCorr    .         Harm     .   (no gloves)
MR       +....                  b - +0 pair of boots
Stlth    ..........             (no amulet)
HPRegen  0.21/turn              (no ring)
MPRegen  0.11/turn              (no ring)

@: hasted, very quick
A: no food or potions, fire vulnerability, cold resistance 1, negative energy
resistance 3, torment resistance, unbreathing
a: Renounce Religion, Evoke Invisibility


You were on level 6 of the Dungeon.
You worshipped Xom.
You were a toy of Xom.
You were not hungry.

You visited 1 branch of the dungeon, and saw 6 of its levels.

You collected 336 gold pieces.


Innate Abilities, Weirdness & Mutations

You do not eat or drink.
Your flesh is vulnerable to fire.
You are immune to poison.
Your flesh is cold resistant. (rC+)
You are immune to negative energy. (rN+++)
You are immune to unholy pain and torment.
You can survive without breathing.


   Skills:
 - Level 7.1 Fighting
 - Level 7.0 Axes
 - Level 1.5 Armour
 - Level 0.7 Dodging
 + Level 1.0 Evocations


You had 7 spell levels left.
You didn't know any spells.

Action                   |  1- 3 |  4- 6 |  7- 9 || total
-------------------------+-------+-------+-------++-------
Melee: Hand axe          |   131 |   182 |   167 ||   480
Throw: Throwing net      |       |     1 |       ||     1
  Use: Scroll            |     2 |     4 |     1 ||     7
 Stab: Petrifying        |     1 |     2 |       ||     3
       Petrified         |       |     2 |       ||     2
       Paralysed         |       |     1 |     5 ||     6
       Distracted        |       |       |     1 ||     1
       Confused          |       |       |     1 ||     1
Armor: Leather armour    |    43 |    25 |       ||    68
       Scale mail        |       |    20 |    29 ||    49
Dodge: Dodged            |    40 |    34 |    11 ||    85
       Deflected         |       |       |     1 ||     1
Block: Large shield      |    48 |    84 |   108 ||   240

Inventory:

Hand Weapons
 a - a +0 hand axe of chaos (weapon)
 h - a +0 war axe
Missiles
 f - a throwing net (quivered)
Armour
 b - a +0 pair of boots (worn)
 k - a +1 scale mail of cold resistance (worn)
 l - a scarf of repulsion
 m - the +8 large shield of Xunielle (worn) {god gift, +Inv}
   (Xom gifted it to you on level 4 of the Dungeon)

   It lets you turn invisible.
 n - a +0 plate armour
 o - a +0 cloak (worn)
Wands
 p - a wand of polymorph (11)
Scrolls
 c - 2 scrolls of fear
 d - 6 scrolls of teleportation
 e - a scroll of immolation
 g - 2 scrolls of identify
 i - 2 scrolls of remove curse
 j - 2 scrolls of fog

.....#,, ,+, ,,
#....#,,, ,, , #....#
, *,, * ....##
,*#+###*######
....###+###...###....#
.....#..............!#
.....#...............#
..<..'.†.............#
....##...##.....@....#
#...###+###...##oF...#
#....,,, ######o....#
..... , ,,#..........#
..... ,,, #..........#
...[ , #..........# *
,,,*#.$.####Y..#
∆*######...#####o##
#.!.......oo....#


You could see a sky beast shaped shifter, a bullfrog, an orc priest and 2 orcs.

Vanquished Creatures
  An ice beast (D:5)
  A sky beast (D:4)
  3 ogres
  2 phantoms (D:4)
  A centaur (D:4)
  A scorpion (D:6)
  2 hounds
  A bullfrog zombie (D:6)
  A jelly (D:6)
  4 orc wizards
  3 orc priests
  A centaur skeleton (D:5)
  5 adders
  A shadow imp (D:5)
  An adder skeleton (D:5)
  5 worms
  A dart slug (D:2)
  4 leopard geckos
  13 orcs
  A ball python (D:1)
  3 giant cockroaches
  A giant cockroach (shapeshifter) (D:1)
  7 goblins
  4 hobgoblins
  4 jackals (D:2)
  7 kobolds
  3 quokkas
  2 bats (D:1)
  7 frilled lizards
  A giant cockroach zombie (D:5)
  A leopard gecko skeleton (D:5)
  A quokka skeleton (D:5)
  10 rats
103 creatures vanquished.

Vanquished Creatures (collateral kills)
  2 ice beasts (D:5)
  An adder (D:5)
  An ooze (D:5)
  4 orcs
8 creatures vanquished.

Grand Total: 111 creatures vanquished

Vault maps used:
D:1:      sevenhm_arrival_forest_fort_large_2, minmay_statues_item
D:2:      makhleb_heckhound_becter
D:3:      nicolae_gozag_cash_rules_everything_around_me, minitemple,
          grunt_qazlal_sundering, uniq_crazy_yiuf_cottage
D:4:      grunt_temple_overflow_order_and_chaos_1, first_ration
D:5:      bh_walls_and_bars
D:6:      minmay_temple_entry_poolview, st_stairs_5


Message History

You open the door.
The orc shouts!
You block the bullfrog's attack. You block the bullfrog's attack.
The orc priest calls down the wrath of Beogh upon you.
Beogh smites you!
There is an open door here.
The crocodile changes into a sky beast!
Your crimson imp closely misses the sky beast.
An orc comes into view. It is wielding a flail.
The orc shouts!
Xom notices you. Fire whirls out from your hands!
A fire vortex comes into view. "See what I see, my child!"
You feel aware of your surroundings. You block the orc's attack.
The fire vortex hits you. The fire vortex burns you!
The fire burns you terribly!
You die...
Xom chortles!

Notes
Turn   | Place    | Note
-------+----------+-------------------------------------------
     0 | D:1      | Serpenta the Mummy Chaos Knight began the quest for the Orb.
     0 | D:1      | Reached XP level 1. HP: 18/18 MP: 1/1
   288 | D:1      | Reached XP level 2. HP: 23/24 MP: 2/2
   355 | D:1      | XOM: harmless Tloc miscast
   464 | D:1      | XOM: silly message
   529 | D:1      | XOM: noise
   660 | D:1      | XOM: mild Fire miscast
   679 | D:1      | XOM: harmless Fire miscast
   978 | D:2      | XOM: harmless Chrm miscast
   988 | D:2      | Reached XP level 3. HP: 8/29 MP: 3/3
  1053 | D:2      | XOM: silly message
  1199 | D:1      | XOM: cloud trail
  1407 | D:1      | XOM: god gift: silver ring {god gift}
  1618 | D:2      | XOM: god gift: 11 gold pieces {god gift}
  1881 | D:2      | Reached XP level 4. HP: 22/35 MP: 4/4
  1890 | D:2      | XOM: confusion (+ monsters)
  2056 | D:2      | Found a burning altar of Makhleb.
  2058 | D:2      | XOM: enchant monster (good)
  2059 | D:2      | XOM: blink monster(s)
  2392 | D:2      | XOM: medium Erth miscast
  2505 | D:2      | XOM: mild Tmut miscast
  2522 | D:2      | XOM: mild Tloc miscast
  2655 | D:3      | XOM: butterfly on damage
  2745 | D:3      | Reached XP level 5. HP: 36/41 MP: 5/5
  2756 | D:3      | Reached skill level 5 in Axes
  2768 | D:3      | XOM: harmless Ice miscast
  2892 | D:3      | XOM: silly message
  3156 | D:3      | Found a stormy altar of Qazlal.
  3171 | D:3      | Found an opulent altar of Gozag.
  3330 | D:3      | Found a basalt altar of Yredelemnul.
  3339 | D:3      | Found an iron altar of Okawaru.
  3395 | D:3      | Found a runed door.
  3443 | D:3      | XOM: medium Tloc miscast
  3577 | D:3      | XOM: divination: detect items
  3655 | D:4      | Noticed an angel
  3708 | D:4      | Found a shimmering altar of Xom.
  3708 | D:4      | Found a glowing silver altar of Zin.
  3806 | D:4      | Noticed a centaur
  3822 | D:4      | Killed a centaur
  3822 | D:4      | Reached XP level 6. HP: 18/47 MP: 6/6
  3868 | D:4      | XOM: 1-stop teleportation journey
  4018 | D:4      | XOM: 4-stop teleportation journey
  4099 | D:4      | XOM: summons 3 friendly demons
  4114 | D:4      | XOM: mild Ice miscast
  4211 | D:4      | XOM: cast spell 'Discord'
  4271 | D:4      | XOM: god gift: slimy large shield {god gift}
  4274 | D:4      | Got a slimy large shield {god gift}
  4285 | D:4      | Identified the +8 large shield of Xunielle {god gift, +Inv} (Xom gifted it to you on level 4 of the Dungeon)
  4285 | D:4      | hmm
  4664 | D:4      | Reached XP level 7. HP: 52/52 MP: 7/7
  4665 | D:4      | XOM: enchant monster (good)
  5043 | D:5      | Entered Level 5 of the Dungeon
  5070 | D:4      | XOM: scenery: create altars
  5235 | D:5      | XOM: noise
  5255 | D:5      | XOM: cast spell 'Summon Mana Viper'
  5261 | D:5      | Reached skill level 5 in Fighting
  5325 | D:5      | XOM: summons 3 friendly demons
  5410 | D:5      | Reached XP level 8. HP: 64/64 MP: 8/8
  5510 | D:5      | XOM: mild Summ miscast
  5744 | D:5      | XOM: enchant monster (good)
  5822 | D:5      | XOM: medium Conj miscast
  5968 | D:5      | XOM: mild Hex miscast
  5999 | D:5      | XOM: harmless Erth miscast
  6075 | D:6      | XOM: harmless Pois miscast
  6149 | D:6      | Reached skill level 1 in Evocations
  6168 | D:6      | XOM: confuse monster(s)
  6178 | D:6      | XOM: divination: detect items
  6197 | D:6      | XOM: summons 2 friendly demons
  6204 | D:6      | XOM: potion effect (haste)
  6215 | D:6      | XOM: mild Fire miscast
  6216 | D:6      | XOM: divination: magic mapping
  6216 | D:6      | Slain by a fire vortex
